 Dungeon Crawl Stone Soup version 0.30-a0-930-gb9d0489357 (webtiles) character file.

Game seed: 6583355109321970796

72 Darkkill the Shooter (level 4, -2/38 HPs)
             Began as a Minotaur Hunter on Mar 23, 2023.
             Slain by a goblin
             ... wielding a +0 club
             ... led by Robin
              (4 damage)
             ... on level 2 of the Dungeon.
             The game lasted 00:01:34 (1272 turns).

Darkkill the Shooter (Minotaur Hunter)              Turns: 1272, Time: 00:01:34

Health: -2/38      AC:  3    Str: 16    XL:     4   Next: 7%
Magic:  3/3        EV: 12    Int:  6    God:
Gold:   46         SH:  0    Dex: 15    Spells: 3/3 levels left

rFire   . . .      SeeInvis .    a - +1 shortbow
rCold   . . .      Faith    .    (shield currently unavailable)
rNeg    . . .      Spirit   .    c - +0 leather armour
rPois   .          Reflect  .    (helmet restricted)
rElec   .          Rampage  .    (no cloak)
rCorr   .                        (no gloves)
Will    .....                    (no boots)
Stlth   ++                       (no amulet)
HPRegen 0.26/turn                (no ring)
MPRegen 0.08/turn                (no ring)

@: no status effects
A: horns 2, retaliatory headbutt
a: no special abilities


You were on level 2 of the Dungeon.
You visited 1 branch of the dungeon, and saw 2 of its levels.

You collected 46 gold pieces.

Inventory:

Hand Weapons
 a - a +1 shortbow (weapon)
Missiles
 h - 3 boomerangs
 j - 11 stones
Armour
 c - a +0 leather armour (worn)
Magical Staves
 i - a staff of air
Jewellery
 d - a ring of willpower
Scrolls
 b - a scroll of immolation
 f - 2 scrolls of summoning
 l - a scroll of teleportation
 o - a scroll of identify {@r1}
Potions
 e - a potion of heal wounds {unknown}
 g - a potion of might
 k - a potion of resistance
 m - a potion of flight
 n - a potion of cancellation {unknown}


   Skills:
 + Level 3.3 Fighting
 + Level 4.9 Ranged Weapons
 + Level 3.0 Dodging
 + Level 1.8 Stealth


You had 3 spell levels left.
You didn't know any spells.
Your spell library contained the following spells:

 Spells                   Type           Power      Damage    Failure   Level
 Necrotise                Necr           0%         1d4       52%         1
 Vampiric Draining        Necr           0%         2d6       88%         3
 Agony                    Necr           0%         N/A       100%        5


Dungeon Overview and Level Annotations

Branches:
Dungeon (2/15)

Altars:


Innate Abilities, Weirdness & Mutations

You have a pair of horns on your head.
You reflexively headbutt those who attack you in melee.


Message History

You hear a shout!
A goblin comes into view. It is wielding a +0 club.
The goblin hits you with a +0 club. The goblin completely misses you.
Fire: a) +1 shortbow
Press: ? - help, Q - select action, (/) - cycle Shift-Dir - straight line, f/p - goblin
Aim: a goblin, wielding a +0 club (56% to hit)
You shoot an arrow. The arrow barely misses the goblin.
The goblin closely misses you. You furiously retaliate!
You headbutt the goblin!
You kill the goblin!
The goblin hits you but does no damage.
Robin roars a battlecry!
The goblins go into a battle-frenzy!
You hear a shout! x3
Fire: a) +1 shortbow
Press: ? - help, Q - select action, (/) - cycle Shift-Dir - straight line, f - Robin
Aim: Robin, wielding a +0 spear, wearing a +0 animal skin and wearing a +0 helmet (70% to hit)
You shoot an arrow. The arrow closely misses Robin.
A goblin comes into view. It is wielding a +0 club.
A hobgoblin comes into view. x2
The goblin hits you with a +0 dagger.
Fire: a) +1 shortbow
Press: ? - help, Q - select action, (/) - cycle Shift-Dir - straight line, f/p - Robin
Aim: Robin, wielding a +0 spear, wearing a +0 animal skin and wearing a +0 helmet (70% to hit)
You shoot an arrow. The arrow closely misses Robin.
The arrow misses the goblin.
The arrow hits the goblin.
The goblin is moderately wounded.
Robin says, "My goblins will feast on your bones."
Robin hits you but does no damage.
A goblin comes into view. It is wielding a +0 dagger.
The goblin closely misses you.
A goblin comes into view. It is wielding a +0 club.
Robin hits you from afar with a +0 spear.
A goblin comes into view. It is wielding a +0 club.
The goblin closely misses you.
Fire: a) +1 shortbow
Press: ? - help, Q - select action, (/) - cycle Shift-Dir - straight line, f/p - Robin
Aim: Robin, wielding a +0 spear, wearing a +0 animal skin and wearing a +0 helmet (70% to hit)
You shoot an arrow. The arrow hits Robin.
Robin is heavily wounded.
Robin hits you from afar with a +0 spear.
The goblin hits you with a +0 dagger.
Fire: a) +1 shortbow
Press: ? - help, Q - select action, (/) - cycle Shift-Dir - straight line, f/p - Robin
Aim: Robin, wielding a +0 spear, wearing a +0 animal skin and wearing a +0 helmet (heavily wounded, 70% to hit)
You shoot an arrow. The arrow hits Robin.
Robin is heavily wounded.
Robin barely misses you. The goblin barely misses you.
Fire: a) +1 shortbow
Press: ? - help, Q - select action, (/) - cycle Shift-Dir - straight line, f/p - Robin
Aim: Robin, wielding a +0 spear, wearing a +0 animal skin and wearing a +0 helmet (heavily wounded, 70% to hit)
You shoot an arrow. The arrow hits the goblin!
You kill the goblin!
The goblin hits you with a +0 dagger. Robin completely misses you.
Fire: a) +1 shortbow
Press: ? - help, Q - select action, (/) - cycle Shift-Dir - straight line, f/p - Robin
Aim: Robin, wielding a +0 spear, wearing a +0 animal skin and wearing a +0 helmet (heavily wounded, 70% to hit)
You shoot an arrow. The arrow hits Robin!
You kill Robin!
The goblin misses you.
Your Dodging skill increases to level 3!
You have reached level 4!
You feel stronger.
Fire: a) +1 shortbow
Press: ? - help, Q - select action, (/) - cycle Shift-Dir - straight line, f - hobgoblin
Aim: a hobgoblin (strong, 63% to hit)
You shoot an arrow. The arrow hits the hobgoblin.
The hobgoblin is almost dead.
The hobgoblin hits you but does no damage.
The goblin closely misses you.
A hobgoblin comes into view. It is wielding a +0 war axe.
The hobgoblin completely misses you. The goblin hits you with a +0 dagger.
Fire: a) +1 shortbow
Press: ? - help, Q - select action, (/) - cycle Shift-Dir - straight line, f/p - hobgoblin
Aim: a hobgoblin (almost dead, strong, 63% to hit)
You shoot an arrow. The arrow barely misses the hobgoblin.
The arrow hits the goblin.
You kill the goblin!
The goblin hits you with a +0 club. The goblin hits you with a +0 dagger.
The hobgoblin barely misses you. You furiously retaliate!
You headbutt the hobgoblin.
You kill the hobgoblin!
Fire: a) +1 shortbow
Press: ? - help, Q - select action, (/) - cycle Shift-Dir - straight line, f - goblin
Aim: a goblin, wielding a +0 dagger (strong, 56% to hit)
You shoot an arrow.
The arrow hits the goblin but does no damage.
The goblin hits you with a +0 club.
* * * LOW HITPOINT WARNING * * *
The goblin hits you with a +0 dagger.
* * * LOW HITPOINT WARNING * * *
The hobgoblin hits you.
* * * LOW HITPOINT WARNING * * *
Fire: a) +1 shortbow
Press: ? - help, Q - select action, (/) - cycle Shift-Dir - straight line, f/p - goblin
Aim: a goblin, wielding a +0 dagger (strong, 56% to hit)
You shoot an arrow. The arrow barely misses the goblin.
The goblin hits you but does no damage. The goblin hits you with a +0 club.
You die...

#.# ####.# #.# #....#
#######.####....#
.........>##....#
########†.##....#
..............#
#####.#.##....#
†..###)#g.<#.#.######
...g.gg@.......)....#
..$...gg............#
#.####.#.##.........#
#..............#
##....^........#
#.............#
#.............#
#....)........#
#.)...........#


You could see 2 hobgoblins and 4 goblins.

Vanquished Creatures
  Robin (D:2)
  A worm (D:2)
  A dart slug (D:1)
  3 ball pythons
  3 bats
  6 endoplasms
  2 giant cockroaches (D:1)
  5 hobgoblins
  10 jackals
  5 kobolds
  2 quokkas
  A frilled lizard (D:2)
  7 goblins
  2 rats (D:1)
49 creatures vanquished.

Notes
Turn   | Place    | Note
-------+----------+-------------------------------------------
     0 | D:1      | Darkkill the Minotaur Hunter began the quest for the Orb.
     0 | D:1      | Reached XP level 1. HP: 18/18 MP: 0/0
    70 | D:1      | Reached skill level 1 in Stealth
   133 | D:1      | Reached XP level 2. HP: 25/25 MP: 1/1
   622 | D:1      | Reached XP level 3. HP: 31/31 MP: 2/2
  1258 | D:2      | Noticed Robin
  1268 | D:2      | Killed Robin
  1269 | D:2      | Reached XP level 4. HP: 20/38 MP: 3/3
  1271 | D:2      | HP: 7/38 [goblin/+0 dagger[Robin] (2)]
  1271 | D:2      | HP: 1/38 [hobgoblin[Robin] (6)]
  1272 | D:2      | Slain by a goblin

Illustrated notes

Levels and vault maps discovered:
D:1:      grunt_arrival_lava_bath, layout_basic
D:2:      wander_river, layout_basic, uniq_robin

Skill      XL: |  1  2  3 |
---------------+----------+-----
Stealth        | 1 |  1.8
Fighting       | 3 |  3.3
Dodging        | 3 |  3.0
Ranged Weapons | |  4.9

Action                     |  1- 3 |  4- 6 || total
---------------------------+-------+-------++-------
   Fire: Shortbow          |   108 |     4 ||   112
    Use: Scroll            |     6 |       ||     6
 Armour: Leather armour    |    15 |     2 ||    17
  Dodge: Dodged            |    51 |     3 ||    54

Table legend: (Time is in decaauts)
 A = Elapsed time spent in this place.
 B = Non-inter-level travel time spent in this place.
 C = Inter-level travel time spent in this place.
 D = Time resting spent in this place.
 E = Time spent auto-exploring this place.
 F = Levels seen in this place.
 G = Mean time per level.
                   A        B        C        D        E       F      G
               +--------+--------+--------+--------+--------+-----+--------+
         Total |   1305 |   1193 |    112 |      0 |    985 |   2 |  652.5 |
       Dungeon |   1305 |   1193 |    112 |      0 |    985 |   2 |  652.5 |
               +--------+--------+--------+--------+--------+-----+--------+

Top non-repeatable levels by time:
     D:1: 1019 daAuts
     D:2: 286 daAuts

Table legend:
 A = Kills in this place as a percentage of kills in the entire game.
 B = Kills by you in this place as a percentage of kills by you in the entire game.
 C = Kills by friends in this place as a percentage of kills by friends in the entire game.
 D = Other kills in this place as a percentage of other kills in the entire game.
 E = Experience gained in this place as a percentage of experience gained in the entire game.
 F = Experience gained in this place divided by the number of levels of this place that you have seen.
                   A       B       C       D       E      F
               +-------+-------+-------+-------+-------+----------------------
         Total | 100.0 | 100.0 |   N/A |   N/A | 100.0 |  52.0
       Dungeon | 100.0 | 100.0 |   N/A |   N/A | 100.0 |  52.0
               +-------+-------+-------+-------+-------+----------------------
